| TOP OF THE 1ST |
|
Lake County Captains batting - Pitching for Clinton LumberKings : RHP Kyle Ridgeway
|
|
Pitching: RHP Kyle Ridgeway
|
|
|
Batting: RHB Ricky Cordova
|
0-0: DOUBLE (Line Drive, 9LM, EV 108.1 MPH)
|
|
Batting: RHB Harris Leroux
|
0-0: DOUBLE (Groundball, 5L, EV 100.6 MPH) Ricky Cordova scores
|
|
Batting: LHB Justin Rankin
|
0-0: Called Strike 0-1: Fly out, F9 (Flyball, 9, EV 86.9 MPH)
|
|
Batting: LHB Alberto Chavez
|
0-0: Called Strike 0-1: Foul Ball, location: 2F 0-2: Ground out 5-3 (Groundball, 56S, EV 91.2 MPH)
|
|
Batting: RHB Adrian Martinelli
|
0-0: Ball 1-0: Called Strike 1-1: Ball 2-1: Fly out, F9 (Flyball, 9, EV 80.6 MPH)
|
| Top of the 1st over - 1 run, 2 hits, 0 errors, 1 left on base; Lake County 1 - Clinton 0 |
| BOTTOM OF THE 1ST |
|
Clinton LumberKings batting - Pitching for Lake County Captains : RHP Mike Shields
|
|
Pitching: RHP Mike Shields
|
|
|
Batting: RHB Ryan Criollo
|
0-0: Foul Ball, location: 2F 0-1: Ground out 3-1 (Groundball, 34S, EV 77.5 MPH)
|
|
Batting: RHB Nick Edmunds
|
0-0: Swinging Strike 0-1: Called Strike 0-2: Ball 1-2: Strikes out swinging
|
|
Batting: LHB Jason Hopkins
|
0-0: Called Strike 0-1: Ball 1-1: SINGLE (Groundball, 6MD, EV 98.1 MPH)
|
|
Batting: LHB Chang Huie
|
0-0: Ball 1-0: Fly out, F8 (Flyball, 8RS, EV 88.8 MPH)
|
| Bottom of the 1st over - 0 runs, 1 hit, 0 errors, 1 left on base; Lake County 1 - Clinton 0 |
| TOP OF THE 2ND |
|
Lake County Captains batting - Pitching for Clinton LumberKings : RHP Kyle Ridgeway
|
|
Batting: RHB Tsega Haida
|
0-0: Ball 1-0: Fly out, F8 (Flyball, 8LD, EV 107.5 MPH)
|
|
Batting: LHB Esteban Cordova
|
0-0: Ball 1-0: Swinging Strike 1-1: Ball 2-1: Fly out, F7 (Flyball, 7LS, EV 86.9 MPH)
|
|
Batting: RHB Luis Roman
|
0-0: Ball 1-0: Swinging Strike 1-1: Ball 2-1: Ball 3-1: Called Strike 3-2: Strikes out swinging
|
| Top of the 2nd over - 0 runs, 0 hits, 0 errors, 0 left on base; Lake County 1 - Clinton 0 |
| BOTTOM OF THE 2ND |
|
Clinton LumberKings batting - Pitching for Lake County Captains : RHP Mike Shields
|
|
Batting: RHB Jesus Santiago
|
0-0: Ball 1-0: Swinging Strike 1-1: Ball 2-1: Called Strike 2-2: Strikes out swinging
|
|
Batting: RHB Tze-meng Li
|
0-0: Called Strike 0-1: Ball 1-1: Ground out 5-3 (Groundball, 56S, EV 70.6 MPH)
|
|
Batting: RHB Chris Van Niel
|
0-0: Ball 1-0: Ball 2-0: Called Strike 2-1: SINGLE (Flyball, 5D, EV 95.0 MPH)
|
|
Batting: RHB Justin Colella
|
0-0: Ball 1-0: Ball Chris Van Niel steals 2nd, throwing error, E2 Chris Van Niel to third 2-0: Ground out 4-3 (Groundball, 34, EV 83.1 MPH)
|
| Bottom of the 2nd over - 0 runs, 1 hit, 1 error, 1 left on base; Lake County 1 - Clinton 0 |
| TOP OF THE 3RD |
|
Lake County Captains batting - Pitching for Clinton LumberKings : RHP Kyle Ridgeway
|
|
Batting: RHB Carlos Munos
|
0-0: Ball 1-0: Ball 2-0: SINGLE (Groundball, 6D, EV 108.8 MPH)
|
|
Batting: RHB Ricky Cordova
|
0-0: Ball 1-0: Grounds into double play, 4-6-3 (Groundball, 34, EV 91.9 MPH)
|
|
Batting: RHB Harris Leroux
|
0-0: Swinging Strike 0-1: Foul Ball, location: 2F 0-2: Foul Ball, location: 2F 0-2: Ball 1-2: Ball 2-2: Foul Ball, location: 2F 2-2: Ball 3-2: Strikes out swinging
|
| Top of the 3rd over - 0 runs, 1 hit, 0 errors, 0 left on base; Lake County 1 - Clinton 0 |
| BOTTOM OF THE 3RD |
|
Clinton LumberKings batting - Pitching for Lake County Captains : RHP Mike Shields
|
|
Batting: SHB Garrett McKenna
|
0-0: Swinging Strike 0-1: Ball 1-1: Swinging Strike 1-2: Foul Ball, location: 2F 1-2: Ball 2-2: Ground out 6-3 (Groundball, 6, EV 98.1 MPH)
|
|
Batting: RHB Ryan Criollo
|
0-0: TRIPLE (Line Drive, 9D, EV 111.2 MPH)
|
|
Batting: RHB Nick Edmunds
|
0-0: Swinging Strike 0-1: Ball 1-1: Ball 2-1: Ball 3-1: Base on Balls
|
|
Batting: LHB Jason Hopkins
|
0-0: Called Strike 0-1: Ball 1-1: Ball 2-1: Called Strike 2-2: Foul Ball, location: 2F 2-2: Ball 3-2: Foul Ball, location: 2F 3-2: SINGLE (Groundball, 34D, EV 95.0 MPH) Ryan Criollo scores Nick Edmunds to second Runner from 2nd tries for 3rd, OUT! 9-5
|
|
Batting: LHB Chang Huie
|
0-0: Called Strike 0-1: Swinging Strike 0-2: Foul Ball, location: 2F 0-2: Ball 1-2: Ball 2-2: Foul Ball, location: 2F 2-2: Ball 3-2: Ground out 6-3 (Groundball, 56D, EV 82.5 MPH)
|
| Bottom of the 3rd over - 1 run, 2 hits, 0 errors, 1 left on base; Lake County 1 - Clinton 1 |
| TOP OF THE 4TH |
|
Lake County Captains batting - Pitching for Clinton LumberKings : RHP Kyle Ridgeway
|
|
Batting: LHB Justin Rankin
|
0-0: Called Strike 0-1: Ground out U3 (Groundball, 3L, EV 90.6 MPH)
|
|
Batting: LHB Alberto Chavez
|
0-0: Ground out 1-3 (Groundball, 13S, EV 70.6 MPH)
|
|
Batting: RHB Adrian Martinelli
|
0-0: Called Strike 0-1: Foul Ball, location: 2F 0-2: Foul Ball, location: 2F 0-2: Foul Ball, location: 2F 0-2: Foul Ball, location: 2F 0-2: Ball 1-2: Foul Ball, location: 2F 1-2: Foul Ball, location: 2F 1-2: Strikes out swinging
|
| Top of the 4th over - 0 runs, 0 hits, 0 errors, 0 left on base; Lake County 1 - Clinton 1 |
| BOTTOM OF THE 4TH |
|
Clinton LumberKings batting - Pitching for Lake County Captains : RHP Mike Shields
|
|
Batting: RHB Jesus Santiago
|
0-0: Ball 1-0: Foul Ball, location: 2F 1-1: Ball 2-1: Called Strike 2-2: Ground out 1-3 (Groundball, P, EV 66.2 MPH)
|
|
Batting: RHB Tze-meng Li
|
0-0: Called Strike 0-1: Fly out, F9 (Flyball, 9LSF, EV 95.0 MPH)
|
|
Batting: RHB Chris Van Niel
|
0-0: Foul Ball, location: 2F 0-1: Ground out 6-3 (Groundball, 6, EV 87.5 MPH)
|
| Bottom of the 4th over - 0 runs, 0 hits, 0 errors, 0 left on base; Lake County 1 - Clinton 1 |
| TOP OF THE 5TH |
|
Lake County Captains batting - Pitching for Clinton LumberKings : RHP Kyle Ridgeway
|
|
Batting: RHB Tsega Haida
|
0-0: Called Strike 0-1: Foul Ball, location: 2F 0-2: Foul Ball, location: 2F 0-2: Fly out, F8 (Line Drive, 8LS, EV 100.0 MPH)
|
|
Batting: LHB Esteban Cordova
|
0-0: Called Strike 0-1: Foul Ball, location: 2F 0-2: Strikes out looking
|
|
Batting: RHB Luis Roman
|
0-0: Ball 1-0: Called Strike 1-1: Ball 2-1: Ball 3-1: Fly out, F8 (Flyball, 8RD, EV 98.8 MPH)
|
| Top of the 5th over - 0 runs, 0 hits, 0 errors, 0 left on base; Lake County 1 - Clinton 1 |
| BOTTOM OF THE 5TH |
|
Clinton LumberKings batting - Pitching for Lake County Captains : RHP Mike Shields
|
|
Batting: RHB Justin Colella
|
0-0: SINGLE (Groundball, 3D, EV 95.0 MPH)
|
|
Batting: SHB Garrett McKenna
|
0-0: Fielders Choice at 2nd, 6-4 (Groundball, 6, EV 86.9 MPH)
|
|
Batting: RHB Ryan Criollo
|
0-0: SINGLE (Groundball, 34S, EV 66.2 MPH) (infield hit) Garrett McKenna to second
|
|
Batting: RHB Nick Edmunds
|
0-0: Called Strike 0-1: Ball 1-1: SINGLE (Line Drive, 9S, EV 109.4 MPH) Garrett McKenna to third Ryan Criollo to second Runner from 3rd tries for Home, throw by RF and OUT! 9-2
|
|
Batting: LHB Jason Hopkins
|
0-0: SINGLE (Line Drive, 4MD, EV 95.0 MPH) Ryan Criollo to third Nick Edmunds to second Runner from 3rd tries for Home, SAFE, throw by CF to home
|
|
Batting: LHB Chang Huie
|
0-0: Called Strike 0-1: Called Strike 0-2: Ball 1-2: Fly out, F4 (Popup, 13, EV 87.5 MPH)
|
| Bottom of the 5th over - 1 run, 4 hits, 0 errors, 2 left on base; Lake County 1 - Clinton 2 |
| TOP OF THE 6TH |
|
Lake County Captains batting - Pitching for Clinton LumberKings : RHP Kyle Ridgeway
|
|
Batting: RHB Carlos Munos
|
0-0: Called Strike 0-1: Ball 1-1: SINGLE (Groundball, 56S, EV 66.2 MPH) (infield hit)
|
|
Batting: RHB Ricky Cordova
|
0-0: Ball 1-0: Foul Ball, location: 2F 1-1: Fielders Choice at 2nd, 6-4 (Groundball, 6, EV 80.0 MPH)
|
|
Batting: RHB Harris Leroux
|
0-0: Ball Ricky Cordova steals 2nd base 1-0: Fly out, F9 (Line Drive, 9LM, EV 98.1 MPH)
|
|
Batting: LHB Justin Rankin
|
0-0: Called Strike 0-1: Foul Ball, location: 2F 0-2: Strikes out swinging
|
| Top of the 6th over - 0 runs, 1 hit, 0 errors, 1 left on base; Lake County 1 - Clinton 2 |
| BOTTOM OF THE 6TH |
|
Clinton LumberKings batting - Pitching for Lake County Captains : RHP Mike Shields
|
|
Batting: RHB Jesus Santiago
|
0-0: Ball 1-0: Ball 2-0: Called Strike 2-1: Ball 3-1: Called Strike 3-2: Foul Ball, location: 2F 3-2: Strikes out swinging
|
|
Batting: RHB Tze-meng Li
|
0-0: Foul Ball, location: 2F 0-1: Ball 1-1: Ball 2-1: Foul Ball, location: 2F 2-2: Fly out, F9 (Flyball, 9, EV 96.9 MPH)
|
|
Batting: RHB Chris Van Niel
|
0-0: Ball 1-0: Called Strike 1-1: Fly out, F9 (Flyball, 89M, EV 81.9 MPH)
|
| Bottom of the 6th over - 0 runs, 0 hits, 0 errors, 0 left on base; Lake County 1 - Clinton 2 |
| TOP OF THE 7TH |
|
Lake County Captains batting - Pitching for Clinton LumberKings : RHP Kyle Ridgeway
|
|
Batting: LHB Alberto Chavez
|
0-0: Ball 1-0: Foul Ball, location: 2F 1-1: Ground out 6-3 (Groundball, 6MD, EV 86.2 MPH)
|
|
Batting: RHB Adrian Martinelli
|
0-0: Ball 1-0: Ball 2-0: Swinging Strike 2-1: Ball 3-1: Base on Balls
|
|
Batting: RHB Tsega Haida
|
0-0: Ball 1-0: Foul Ball, location: 2F 1-1: Ball 2-1: Called Strike 2-2: Strikes out swinging Adrian Martinelli is caught stealing 2nd base 2-4 Batter strikes out.
|
| Top of the 7th over - 0 runs, 0 hits, 0 errors, 0 left on base; Lake County 1 - Clinton 2 |
| BOTTOM OF THE 7TH |
|
Clinton LumberKings batting - Pitching for Lake County Captains : RHP Mike Shields
|
|
Batting: RHB Justin Colella
|
0-0: Ball 1-0: Swinging Strike 1-1: Foul Ball, location: 2F 1-2: Strikes out looking
|
|
Batting: SHB Garrett McKenna
|
0-0: Foul Ball, location: 2F 0-1: Ball 1-1: Ball 2-1: SINGLE (Groundball, 34D, EV 95.0 MPH)
|
|
Batting: RHB Ryan Criollo
|
0-0: Swinging Strike 0-1: Grounds into double play, 5-4-3 (Groundball, 56S, EV 84.4 MPH)
|
| Bottom of the 7th over - 0 runs, 1 hit, 0 errors, 0 left on base; Lake County 1 - Clinton 2 |
| TOP OF THE 8TH |
|
Lake County Captains batting - Pitching for Clinton LumberKings : RHP Kyle Ridgeway
|
|
Pitching: LHP Ed Gilroy
|
|
|
Batting: LHB Esteban Cordova
|
0-0: Foul Ball, location: 2F 0-1: Ground out 6-3 (Groundball, 6, EV 105.6 MPH)
|
|
Pitching: LHP Adam Parrish
|
|
|
Batting: RHB Luis Roman
|
0-0: Ball 1-0: Ball 2-0: Foul Ball, location: 2F 2-1: SINGLE (Line Drive, 8RS, EV 103.8 MPH)
|
|
Batting: RHB Carlos Munos
|
0-0: Ball 1-0: Reached on error, E5 (Groundball, 56S, EV 72.5 MPH) Luis Roman to third
|
|
Batting: RHB Ricky Cordova
|
0-0: Called Strike 0-1: Ground out 5-3 (Groundball, 5, EV 106.9 MPH)
|
|
Batting: RHB Harris Leroux
|
0-0: DOUBLE (Flyball, 89XD, EV 113.8 MPH) Luis Roman scores Carlos Munos scores
|
|
Batting: LHB Justin Rankin
|
0-0: Swinging Strike 0-1: Foul Ball, location: 2F 0-2: Ball 1-2: Ground out U3 (Groundball, 34S, EV 86.2 MPH)
|
| Top of the 8th over - 2 runs, 2 hits, 1 error, 1 left on base; Lake County 3 - Clinton 2 |
| BOTTOM OF THE 8TH |
|
Clinton LumberKings batting - Pitching for Lake County Captains : RHP Mike Shields
|
|
Batting: RHB Nick Edmunds
|
0-0: Ground out 4-3 (Groundball, 4, EV 80.0 MPH)
|
|
Batting: LHB Jason Hopkins
|
0-0: Ball 1-0: Ball 2-0: Ball 3-0: Called Strike 3-1: Swinging Strike 3-2: Fly out, F9 (Flyball, 9, EV 84.4 MPH)
|
|
Batting: LHB Chang Huie
|
0-0: Ball 1-0: Ball 2-0: Fly out, F3 (Line Drive, 3, EV 74.4 MPH)
|
| Bottom of the 8th over - 0 runs, 0 hits, 0 errors, 0 left on base; Lake County 3 - Clinton 2 |
| TOP OF THE 9TH |
|
Lake County Captains batting - Pitching for Clinton LumberKings : LHP Adam Parrish
|
|
Batting: SHB Darius Vinson
|
0-0: Ball 1-0: Called Strike 1-1: Fly out, F8 (Flyball, 8LD, EV 87.5 MPH)
|
|
Batting: RHB Adrian Martinelli
|
0-0: Ground out 6-3 (Groundball, 6, EV 103.8 MPH)
|
|
Batting: RHB Tsega Haida
|
0-0: Called Strike 0-1: Swinging Strike 0-2: Strikes out looking
|
| Top of the 9th over - 0 runs, 0 hits, 0 errors, 0 left on base; Lake County 3 - Clinton 2 |
| BOTTOM OF THE 9TH |
|
Clinton LumberKings batting - Pitching for Lake County Captains : RHP Mike Shields
|
|
Pitching: RHP Malachi Shelton
|
|
|
Batting: RHB Jesus Santiago
|
0-0: Called Strike 0-1: Called Strike 0-2: Strikes out swinging, 2-3 out at first.
|
|
Batting: RHB Tze-meng Li
|
0-0: Swinging Strike 0-1: Foul Ball, location: 2F 0-2: Ground out 6-3 (Groundball, 6, EV 103.1 MPH)
|
|
Batting: RHB Chris Van Niel
|
0-0: Ball 1-0: Ball 2-0: Ball 3-0: Called Strike 3-1: Called Strike 3-2: Strikes out swinging
|
| Bottom of the 9th over - 0 runs, 0 hits, 0 errors, 0 left on base; Lake County 3 - Clinton 2 |
|